 Dungeon Crawl Stone Soup version 0.31-a0-185-g9dded2c639 (webtiles) character file.

Game seed: 6355565998815014279

65 qw the Shooter (level 3, -5/20 HPs)
             Began as a Deep Elf Hunter on June 22, 2023.
             Slain by a gnoll
             ... wielding a +0 flail
              (8 damage)
             ... on level 2 of the Dungeon.
             The game lasted 00:00:27 (631 turns).

qw the Shooter (Deep Elf Hunter)                     Turns: 631, Time: 00:00:27

Health: -5/20      AC:  5    Str: 10    XL:     3   Next: 94%
Magic:  5/5        EV: 11    Int: 13    God:
Gold:   67         SH:  0    Dex: 18    Spells: 2/2 levels left

rFire   . . .        Y - +0 shortbow
rCold   . . .        (shield currently unavailable)
rNeg    . . .        d - +0 ring mail
rPois   .            (no helmet)
rElec   .            (no cloak)
rCorr   .            (no gloves)
SInv    .            (no boots)
Will    .....        (no amulet)
Stlth   +            (no ring)
HPRegen 0.23/turn    (no ring)
MPRegen 0.09/turn

%: no passive effects
@: no status effects
A: no striking features
a: no special abilities


You were on level 2 of the Dungeon.
You visited 1 branch of the dungeon, and saw 2 of its levels.

You collected 67 gold pieces.


   Skills:
 - Level 1.5 Fighting
 + Level 7.4 Ranged Weapons
 - Level 2.4 Dodging
 - Level 1.2 Stealth


You had 2 spell levels left.
You didn't know any spells.
Your spell library was empty.

Inventory:

Hand Weapons
 Y - a +0 shortbow (weapon)
Armour
 d - a +0 ring mail (worn)
Potions
 a - a potion of resistance {unknown}
 g - a potion of brilliance {unknown}
 h - a potion of might {unknown}

Dungeon Overview and Level Annotations

Branches:
Dungeon (2/15)

Altars:


Message History

The ball python hisses angrily.
You hear a shout!
You shoot an arrow. The arrow hits the hobgoblin.
The hobgoblin is severely wounded.
The hobgoblin hits you. The ball python bites you.
The ball python barely misses you.
You shoot an arrow. The arrow hits the hobgoblin.
You kill the hobgoblin!
The ball python misses you. The ball python grabs you.
The ball python constricts you.
A gnoll comes into view. It is wielding a +0 flail.
The gnoll hits you from afar with a +0 spear.
The ball python bites you. The ball python constricts you.
You shoot an arrow. The arrow hits the ball python!
You kill the ball python!
The gnoll hits you but does no damage. The gnoll misses you.
You shoot an arrow. The arrow barely misses the gnoll.
The arrow hits the gnoll.
The gnoll is lightly wounded.
The gnoll closely misses you.
You shoot an arrow.
The arrow hits the gnoll but does no damage.
The gnoll hits you from afar with a +0 spear.
You shoot an arrow. The arrow hits the gnoll.
The gnoll is lightly wounded.
The gnoll closely misses you.
You shoot an arrow. The arrow hits the gnoll!
The gnoll is severely wounded.
The gnoll misses you.
You shoot an arrow. The arrow hits the gnoll.
You kill the gnoll!
You shoot an arrow. The arrow closely misses the gnoll.
The gnoll barely misses you.
You shoot an arrow. The arrow hits the gnoll.
The gnoll is moderately wounded.
The gnoll hits you with a +0 flail.
You shoot an arrow.
The arrow hits the gnoll but does no damage.
The gnoll is lightly wounded.
The gnoll hits you with a +0 flail!
You die...

#..............
#...##)##.....##
##..###.#.##.#.##. #..
#...#...###(.. #.#
###.#.##.#.##.
..#...##.##.....##
#######)##..............
.......g....#########.##
###########@..# #.##
...........).># #########...
........#########.......%...
........'.......'...........
........#########...........
........# #..........%
........# #...........
##+###### #........:..
#...........


You could see a gnoll.

Vanquished Creatures
  2 gnolls (D:2)
  3 dart slugs
  An orc (D:2)
  2 endoplasms (D:1)
  2 giant cockroaches (D:1)
  3 goblins (D:1)
  6 hobgoblins
  4 kobolds
  5 ball pythons
  2 bats
  3 frilled lizards
  6 rats
39 creatures vanquished.

Notes
Turn   | Place    | Note
-------+----------+-------------------------------------------
     0 | D:1      | qw the Deep Elf Hunter began the quest for the Orb.
     0 | D:1      | Reached XP level 1. HP: 12/12 MP: 3/3
     0 | D:1      | 0 ||| qw: Version: 0.3-a-9-g12657ce
     0 | D:1      | 0 ||| qw: Game counter: 1889
     0 | D:1      | 0 ||| qw: Always use a shield: true
     0 | D:1      | 0 ||| qw: God list: Okawaru
     0 | D:1      | 0 ||| qw: Allow faded altars: false
     0 | D:1      | 0 ||| qw: Do Orc after D:15 true
     0 | D:1      | 0 ||| qw: Do second Lair branch before Depths: true
     0 | D:1      | 0 ||| qw: Lair rune preference: random
     0 | D:1      | 0 ||| qw: Plans: Normal
     0 | D:1      | 0 ||| PLANNING D:1-11
   107 | D:1      | Reached skill level 6 in Ranged Weapons
   107 | D:1      | Reached XP level 2. HP: 16/16 MP: 4/4
   420 | D:1      | Reached XP level 3. HP: 20/20 MP: 5/5
   456 | D:1      | Found a faded altar of an unknown god.
   466 | D:1      | 466 ||| UPGRADING to +0 ring mail.
   476 | D:1      | 476 ||| DROPPING +0 leather armour.
   477 | D:1      | 477 ||| READING scroll labelled SUOHEO ZAMUC.
   478 | D:1      | 478 ||| READING scroll labelled NAOVEC VIUKKOMM.
   479 | D:1      | 479 ||| READING scroll labelled ICI LIVOSCH.
   480 | D:1      | 480 ||| DROPPING scroll of butterflies.
   492 | D:2      | 492 ||| STAIRDANCE
   617 | D:2      | Reached skill level 7 in Ranged Weapons
   630 | D:2      | HP: 3/20 [gnoll/+0 flail (5)]
   631 | D:2      | Slain by a gnoll

Levels and vault maps discovered:
D:1:      minmay_arrival_four_circles, layout_basic,
          hellmonk_ecumenical_altar_run_dry, chequers_garden
D:2:      layout_basic, minmay_ruptured, uniq_natasha

Skill      XL: |  1  2  3 |
---------------+----------+-----
Ranged Weapons | 6 7 |  7.4
Fighting       | |  1.5
Dodging        | |  2.4
Stealth        | |  1.2

Action                     || total
---------------------------++-------
   Fire: Shortbow          ||   115
    Use: Scroll            ||     3
 Armour: Leather armour    ||     1
         Ring mail         ||     5
  Dodge: Dodged            ||    20

Table legend:
 A = Non-vault XP
 B = Vault XP
 C = Vault XP percentage of total XP
 D = Non-vault monster count
 E = Vault monster count
 F = Vault count percentage of total count
                 A         B        C        D         E       F
            +---------+---------+-------+---------+---------+-------
      Total |      90 |       4 |   4.3 |      36 |       3 |   7.7
            +---------+---------+-------+---------+---------+-------
        D:1 |      44 |       0 |   0.0 |      25 |       0 |   0.0
        D:2 |      46 |       4 |   8.0 |      11 |       3 |  21.4
            +---------+---------+-------+---------+---------+-------
